 Dungeon Crawl Stone Soup version 0.21.1-1-g345015f (webtiles) character file.

63 theblackcape the Magician (level 4, -5/32 HPs)
             Began as a Gnoll Wizard on June 25, 2018.
             Slain by a gnoll
             ... wielding a +0 flail
              (13 damage)
             ... on level 1 of the Dungeon.
             The game lasted 00:04:11 (1546 turns).

theblackcape the Magician (Gnoll Wizard)            Turns: 1546, Time: 00:04:11

Health: -5/32      AC:  2    Str: 10    XL:     4   Next: 9%
Magic:  8/13       EV: 14    Int: 21    God:
Gold:   100        SH:  0    Dex: 13    Spells: 6/17 levels left

rFire    . . .     SeeInvis .   m - +0 flail
rCold    . . .     Gourm    .   (no shield)
rNeg     . . .     Faith    .   a - +0 robe
rPois    .         Spirit   .   b - +0 hat
rElec    .         Reflect  .   (no cloak)
rCorr    .         Harm     .   (no gloves)
MR       .....                  (no boots)
Stlth    +++.......             (no amulet)
HPRegen  0.10/turn              (no ring)
MPRegen  0.13/turn              (no ring)

@: no status effects
A: distributed training, fangs 1, strong nose
a: no special abilities


You were on level 1 of the Dungeon.
You were hungry.

You visited 1 branch of the dungeon, and saw 2 of its levels.

You collected 100 gold pieces.

Inventory:

Hand Weapons
 m - a +0 flail (weapon)
Armour
 a - a +0 robe (worn)
 b - a +0 hat (worn)
Scrolls
 e - 4 scrolls of identify {unknown}
 g - 2 scrolls of remove curse {unknown}
 h - a scroll of fear {unknown}
 j - a scroll of immolation {unknown}
Potions
 i - 2 potions of heal wounds {unknown}
 k - a potion of haste {unknown}
 l - a potion of curing {unknown}
Books
 c - a book of Minor Magic

   Spells                             Type                      Level
   a - Magic Dart                     Conjuration                  1
   b - Blink                          Translocation                2
   c - Call Imp                       Summoning                    2
   d - Slow                           Hexes                        2
   e - Conjure Flame                  Conjuration/Fire             3
   f - Mephitic Cloud                 Conjuration/Poison/Air       3
Comestibles
 d - 4 rations


   Skills:
 + Level 1.0 Fighting
 + Level 1.0 Short Blades
 + Level 1.0 Long Blades
 + Level 1.0 Axes
 + Level 1.0 Maces & Flails
 + Level 1.0 Polearms
 + Level 1.0 Staves
 + Level 1.0 Slings
 + Level 1.0 Bows
 + Level 1.0 Crossbows
 + Level 1.0 Throwing
 + Level 1.0 Armour
 + Level 4.6 Dodging
 + Level 4.2 Stealth
 + Level 1.0 Shields
 + Level 1.0 Unarmed Combat
 + Level 7.2 Spellcasting
 + Level 2.2 Conjurations
 + Level 0.7 Hexes
 + Level 0.7 Charms
 + Level 2.2 Summonings
 + Level 0.7 Necromancy
 + Level 2.2 Translocations
 + Level 0.7 Transmutations
 + Level 0.7 Fire Magic
 + Level 0.7 Ice Magic
 + Level 0.7 Air Magic
 + Level 0.7 Earth Magic
 + Level 0.7 Poison Magic
 + Level 1.1 Invocations
 + Level 1.0 Evocations


You had 6 spell levels left.
You knew the following spells:

 Your Spells              Type           Power        Failure   Level  Hunger
a - Magic Dart            Conj           ###.         3%          1    None
b - Call Imp              Summ           ###.....     5%          2    None
c - Conjure Flame         Conj/Fire      ##......     14%         3    None
d - Mephitic Cloud        Conj/Pois/Air  ##......     16%         3    None
e - Blink                 Tloc           N/A          5%          2    None


Dungeon Overview and Level Annotations

Branches:
Dungeon (2/15)

Altars:


Innate Abilities, Weirdness & Mutations

Your experience applies equally to all skills.
You have very sharp teeth.
Your uncanny sense of smell can sniff out nearby items.


Message History

The gnoll is severely wounded.
The gnoll barely misses you.
Casting: Magic Dart
Confirm with . or Enter, or press ? or * to list all spells.
Aiming: Magic Dart
Press: ? - help, Shift-Dir - straight line, f/p - gnoll
Aim: a gnoll, wielding a flail (severely wounded)
The magic dart hits the gnoll.
The gnoll is severely wounded.
The gnoll hits you with a flail!
* * * LOW HITPOINT WARNING * * *
Casting: Magic Dart
Confirm with . or Enter, or press ? or * to list all spells.
Aiming: Magic Dart
Press: ? - help, Shift-Dir - straight line, f/p - gnoll
Aim: a gnoll, wielding a flail (severely wounded)
The magic dart hits the gnoll.
The gnoll is severely wounded.
The gnoll hits you with a flail!
You die...

######## #.#......# ##
#......########.#.###### #.
#.#.....##......#.#)...##### #.
#.#.##..##.###..#.#....#...# #.
#.#.##..#....#..#.#....#...# #.
###.#.###....#.#.##.#....#...####
#...#.###......#....'....'...'...
#.###.#........#g##.#....#...###.
#...#.#######...@##......#.).# #.
###.#.# ♣###########.#...# #.
###.#.# #.#...###. ....#.#
#.##...##. ....#.# #.##...##.
##..#.# #.##...##. ##.##.# ♣♣♣♣♣
#..'...'.. ##....#♣♣♣♣♣♣♣...♣♣
####...### #####.#♣.♣♣.[..<..♣♣♣♣
#......


You could see a gnoll.

Vanquished Creatures
  2 gnolls (D:1)
  A worm (D:2)
  2 dart slugs (D:1)
  A leopard gecko (D:1)
  2 goblins (D:1)
  A hobgoblin (D:1)
  10 jackals
  A ball python (D:1)
  9 bats
  4 kobolds (D:1)
33 creatures vanquished.

Notes
Turn   | Place    | Note
-------+----------+-------------------------------------------
     0 | D:1      | theblackcape the Gnoll Wizard began the quest for the Orb.
     0 | D:1      | Reached XP level 1. HP: 13/13 MP: 8/8
   125 | D:1      | Reached XP level 2. HP: 19/19 MP: 8/10
   661 | D:1      | Reached XP level 3. HP: 25/25 MP: 8/11
   666 | D:1      | Learned a level 2 spell: Call Imp
   670 | D:1      | Learned a level 3 spell: Conjure Flame
   674 | D:1      | Learned a level 3 spell: Mephitic Cloud
   677 | D:1      | Learned a level 2 spell: Blink
   999 | D:2      | Reached skill level 1 in Invocations
  1292 | D:1      | Reached skill level 1 in Fighting
  1292 | D:1      | Reached skill level 1 in Short Blades
  1292 | D:1      | Reached skill level 1 in Long Blades
  1292 | D:1      | Reached skill level 1 in Axes
  1292 | D:1      | Reached skill level 1 in Maces & Flails
  1292 | D:1      | Reached skill level 1 in Polearms
  1292 | D:1      | Reached skill level 1 in Staves
  1292 | D:1      | Reached skill level 1 in Slings
  1292 | D:1      | Reached skill level 1 in Bows
  1292 | D:1      | Reached skill level 1 in Crossbows
  1292 | D:1      | Reached skill level 1 in Throwing
  1292 | D:1      | Reached skill level 1 in Armour
  1292 | D:1      | Reached skill level 1 in Shields
  1292 | D:1      | Reached skill level 1 in Unarmed Combat
  1292 | D:1      | Reached skill level 1 in Evocations
  1292 | D:1      | Reached XP level 4. HP: 7/32 MP: 5/13
  1546 | D:1      | Slain by a gnoll

Skill      XL: |  1  2  3 |
---------------+----------+-----
Conjurations   | 2 |  2.2
Summonings     | 2 |  2.2
Translocations | 2 |  2.2
Invocations    | 1 |  1.1
Fighting       | 1 |  1.0
Short Blades   | 1 |  1.0
Long Blades    | 1 |  1.0
Axes           | 1 |  1.0
Maces & Flails | 1 |  1.0
Polearms       | 1 |  1.0
Staves         | 1 |  1.0
Slings         | 1 |  1.0
Bows           | 1 |  1.0
Crossbows      | 1 |  1.0
Throwing       | 1 |  1.0
Armour         | 1 |  1.0
Shields        | 1 |  1.0
Unarmed Combat | 1 |  1.0
Evocations     | 1 |  1.0
Dodging        | |  4.6
Stealth        | |  4.2
Spellcasting   | |  7.2
Hexes          | |  0.7
Charms         | |  0.7
Necromancy     | |  0.7
Transmutations | |  0.7
Fire Magic     | |  0.7
Ice Magic      | |  0.7
Air Magic      | |  0.7
Earth Magic    | |  0.7
Poison Magic   | |  0.7

Action                   |  1- 3 |  4- 6 || total
-------------------------+-------+-------++-------
Melee: Unarmed           |    11 |       ||    11
 Cast: Magic Dart        |    77 |     6 ||    83
  Eat: Chunk             |     1 |       ||     1
Armor: Robe              |     3 |       ||     3
Dodge: Dodged            |    23 |     3 ||    26
